 Dungeon Crawl Stone Soup version 0.21.1-1-g345015f (webtiles) character file.

53 Iko the Firebug (level 3, -1/28 HPs)
             Began as a Naga Fire Elementalist on May 7, 2018.
             Slain by an orc
             ... wielding a +0 mace
              (8 damage)
             ... on level 3 of the Dungeon.
             The game lasted 00:05:25 (347 turns).

Iko the Firebug (Naga Fire Elementalist)             Turns: 347, Time: 00:05:27

Health: -1/28      AC:  4    Str: 11    XL:     3   Next: 89%
Magic:  5/6        EV:  8    Int: 15    God:
Gold:   24         SH:  0    Dex: 11    Spells: 5/6 levels left

rFire    . . .     SeeInvis +   e - +0 short sword
rCold    . . .     Gourm    .   (no shield)
rNeg     . . .     Faith    .   f - +0 ring mail (curse)
rPois    +         Spirit   .   (no helmet)
rElec    .         Reflect  .   (no cloak)
rCorr    .         Harm     .   d - +0 pair of gloves
MR       .....                  (no barding)
Stlth    ++........             (no amulet)
HPRegen  0.09/turn              (no ring)
MPRegen  0.10/turn              (no ring)

@: short of breath, very slow
A: large, see invisible, deformed body, poison resistance, slowness 2, slow
metabolism 1, spit poison 1, AC +1
a: Spit Poison


You were on level 3 of the Dungeon.
You were not hungry.

You visited 1 branch of the dungeon, and saw 3 of its levels.

You collected 24 gold pieces.

Inventory:

Hand Weapons
 e - a +0 short sword (weapon)
Armour
 d - a +0 pair of gloves (worn)
 f - a cursed +0 ring mail (worn)
Scrolls
 g - a scroll of identify
Potions
 a - a potion of curing
Books
 b - a book of Flames

   Spells                             Type                      Level
   a - Flame Tongue                   Conjuration/Fire             1
   b - Throw Flame                    Conjuration/Fire             2
   c - Conjure Flame                  Conjuration/Fire             3
   d - Inner Flame                    Hexes/Fire                   3
   e - Sticky Flame                   Conjuration/Fire             4
   f - Fireball                       Conjuration/Fire             5
Comestibles
 c - 2 rations


   Skills:
 + Level 0.2 Fighting
 + Level 0.1 Short Blades
 + Level 1.5 Dodging
 + Level 3.4 Stealth
 + Level 2.2 Spellcasting
 + Level 1.0 Conjurations
 + Level 4.2 Fire Magic


You had 5 spell levels left.
You knew the following spells:

 Your Spells              Type           Power        Failure   Level  Hunger
a - Flame Tongue          Conj/Fire      #....        19%         1    #......


Dungeon Overview and Level Annotations

Branches:
Dungeon (3/15)

Altars:
Gozag
Yredelemnul

Annotations:
D:3 Lunabell's ghost, amateur NaBe; Sigmund


Innate Abilities, Weirdness & Mutations

You cannot wear boots.
Your serpentine skin is tough. (AC +1)
You have supernaturally acute eyesight. (SInv)
Armour fits poorly on your strangely shaped body.
Your system is resistant to poisons. (rPois)
You cover ground very slowly.
You have a slow metabolism.
You can spit poison.


Message History

Aiming: Flame Tongue
Press: ? - help, Shift-Dir - straight line, f/p - Sigmund
Aim: Sigmund, wielding a scythe and wearing a robe (moderately wounded, slightly transparent)
The flame tongue hits Sigmund.
Sigmund is heavily wounded.
Sigmund closely misses you.
You hit the bat.
You kill the bat!
Sigmund hits you from afar with a scythe.
* * * LOW HITPOINT WARNING * * *
You feel better.
Press: ? - help, Shift-Dir - straight line, f/p - Sigmund
Aim: Sigmund, wielding a scythe and wearing a robe (heavily wounded, slightly transparent)
The splash of poison hits Sigmund.
Sigmund is poisoned.
Sigmund is heavily wounded.
You feel slightly more hungry.
Sigmund hits you from afar with a scythe!
* * * LOW HITPOINT WARNING * * *
The orc hits you with a mace!
You die...

#..........##.##.# .#
#.<..#.##.##.###.##.#
##.#.#.#............##
#....................
#...#.#..##..#..####.
#...#.#..##..#..#
(..........@..#g.#
......####..##†##..#
#.#..## #>.#.@o...#
#.#... #...?........ .
.... .....#.........
....##......... ###.
.._..⌠.._. #
#..........
...........
............


You could see Sigmund (invisible) and an orc.

Vanquished Creatures
  3 adders
  3 dart slugs
  A giant cockroach (D:1)
  2 goblins
  2 hobgoblins
  3 jackals (D:2)
  A kobold (D:1)
  2 bats
  A frilled lizard (D:3)
  4 rats
22 creatures vanquished.

Notes
Turn   | Place    | Note
-------+----------+-------------------------------------------
     0 | D:1      | Iko the Naga Fire Elementalist began the quest for the Orb.
     0 | D:1      | Reached XP level 1. HP: 15/15 MP: 3/3
   140 | D:1      | Reached XP level 2. HP: 17/22 MP: 1/5
   170 | D:2      | Reached skill level 4 in Fire Magic
   170 | D:2      | Reached XP level 3. HP: 23/28 MP: 3/6
   316 | D:3      | Noticed Lunabell's ghost (amateur NaBe)
   328 | D:3      | Noticed Sigmund
   330 | D:3      | Found an opulent altar of Gozag.
   333 | D:3      | Found a basalt altar of Yredelemnul.
   347 | D:3      | Slain by an orc

Skill      XL: |  1  2 |
---------------+-------+-----
Fire Magic     | 4 |  4.2
Fighting       | |  0.2
Short Blades   | |  0.1
Dodging        | |  1.5
Stealth        | |  3.4
Spellcasting   | |  2.2
Conjurations   | |  1.0

Action                   || total
-------------------------++-------
Melee: Unarmed           ||    14
       Short sword       ||    35
 Cast: Flame Tongue      ||     8
 Abil: Spit Poison       ||    13
  Use: Potion            ||     4
       Scroll            ||     1
Armor: Robe              ||    21
       Ring mail         ||    22
Dodge: Dodged            ||    47
